 Dungeon Crawl Stone Soup version 0.19-a0-1675-gc11f27c (webtiles) character file.

189 TheGoonsmith the Changer (level 5, 0/38 HPs)
             Began as a Merfolk Transmuter on Sept 23, 2016.
             Was a Follower of Cheibriados.
             Slain by a hobgoblin (3 damage)
             ... on level 4 of the Dungeon.
             The game lasted 00:05:36 (3482 turns).

TheGoonsmith the Changer (Merfolk Transmuter)       Turns: 3482, Time: 00:05:37

Health: 0/38       AC:  2    Str: 12    XL:     5   Next: 68%
Magic:  1/9        EV: 21    Int: 18    God:    Cheibriados [*.....]
Gold:   105        SH:  0    Dex: 21    Spells: 3 memorised, 3 levels left

rFire  . . .     SeeInvis .       - Unarmed
rCold  . . .     Gourm    .     (armour currently unavailable)
rNeg   . . .     Faith    .     (shield currently unavailable)
rPois  .         Spirit   .     (helmet currently unavailable)
rElec  .         Dismiss  .     (cloak currently unavailable)
rCorr  .         Reflect  .     (gloves currently unavailable)
MR     .....     Harm     .     (boots currently unavailable)
Stlth  ++........               (no amulet)
                                o - ring of poison resistance
                                n - +2 ring of intelligence

@: lethally poisoned (0 -> -2), spider-form (expiring), very slow
A: (change form in water), (swift swim), (stealthy swim)
a: End Transformation, Bend Time, Renounce Religion


You were on level 4 of the Dungeon.
You worshipped Cheibriados.
Cheibriados was aware of your devotion.
You were not hungry.
You were a venomous arachnid creature.
You visited 1 branch of the dungeon, and saw 4 of its levels.

You collected 105 gold pieces.

Inventory:

Missiles
 a - 4 arrows
Armour
 b - a +0 robe (melded)
 e - a +0 helmet (melded)
 v - a +1 pair of boots (melded)
Jewellery
 n - a +2 ring of intelligence (left front leg)
 o - a ring of poison resistance (right front leg)
Scrolls
 k - 7 scrolls of identify
 l - a scroll of enchant armour {unknown}
 s - a scroll of blinking
 t - a scroll of remove curse
 w - a scroll of fog
Potions
 g - 3 potions of degeneration
 h - a potion of haste {unknown}
 i - 2 potions of ambrosia {unknown}
 j - 4 potions of flight {unknown}
 m - 2 potions of magic {unknown}
 p - a potion of might {unknown}
 q - a potion of heal wounds {unknown}
 r - 2 potions of curing {unknown}
 u - a potion of agility {unknown}
 z - a potion of mutation {unknown}
Books
 c - a book of Changes

   Spells                             Type                      Level
   a - Beastly Appendage              Transmutation                1
   b - Sticks to Snakes               Transmutation                2
   c - Spider Form                    Transmutation/Poison         3
   d - Ice Form                       Ice/Transmutation            4
   e - Blade Hands                    Transmutation                5
Comestibles
 d - 6 bread rations
 x - 2 beef jerkies


   Skills:
 - Level 1.9 Fighting
 - Level 2.6 Dodging
 - Level 4.1 Unarmed Combat
 + Level 2.9 Spellcasting
 * Level 5.0 Transmutations
 - Level 2.0 Poison Magic


You had 3 spell levels left.
You knew the following spells:

 Your Spells              Type           Power        Failure   Level  Hunger
a - Beastly Appendage     Tmut           ###...       8%          1    None
c - Spider Form           Tmut/Pois      ###.......   32%         3    ###....
s - Sticks to Snakes      Tmut           ###.....     12%         2    ##.....


Dungeon Overview and Level Annotations

Branches:
Dungeon (4/15)
 Temple: D:4-7

Altars:
Cheibriados
Okawaru
Vehumet


Message History

Casting: Sticks to Snakes
Confirm with . or Enter, or press ? or * to list all spells.
You turn into a venomous arachnid creature.
Your +0 helmet melds into your body.
Your +1 pair of boots melds into your body.
Your +0 robe melds into your body.
The gnoll sergeant completely misses you.
A hobgoblin comes into view.
The hobgoblin shouts!
The hobgoblin hits you.
* * * LOW HITPOINT WARNING * * *
The gnoll misses you.
Your transformation is almost over.
The adder hisses angrily.
The adder misses you. x2
The adder misses you. The hobgoblin closely misses you. The adder bites you.
* * * LOW HITPOINT WARNING * * *
You are poisoned.
The adder poisons you! The hobgoblin hits you.
You die...

...§.§....,,,** *,* #.##..###
..§._....*,,,,** *,**#.*#....##
...§....,**,,.,****,,,.,*#..#..##
,,...§.,,**,,.,,*,,,**,*##.......
***#..##*****#.,,,*,**,*#..#.#.#.
#...# #.,,,#,**,##........
#.#.#######.#**#.**.#...#.#.#.
##.#..#...##..###.##.#.#.......
#..##.#S#,#...sS#....#.#.#.#.#.
###g###g#.#...#..g########.......
...g# #g#.#.,*##g.......##...####
..g## #g#.#,** ##.gg##..##.#.))..
...# #.#.#*######g....<......###
≈≈≈# #.#.###.g.g.....###..####*#
##≈####.#....g#######.###.## *#>
##≈........#### #...##.# #..
#≈≈#.........# #.####.#####.#


You could see a gnoll sergeant, 3 gnolls, an adder and a hobgoblin.

Vanquished Creatures
  2 orc priests
  Terence (D:2)
  2 gnolls (D:4)
  An adder (D:3)
  An ooze (D:2)
  2 worms (D:3)
  3 dart slugs (D:1)
  4 leopard geckos
  13 orcs
  A ball python (D:2)
  7 bats
  3 giant cockroaches
  6 goblins
  6 hobgoblins
  A quokka (D:2)
  3 frilled lizards
  4 kobolds (D:1)
  6 rats
66 creatures vanquished.

Vanquished Creatures (others)
  An orc (D:4)
1 creature vanquished.

Grand Total: 67 creatures vanquished

Notes
Turn   | Place    | Note
-------+----------+-------------------------------------------
     0 | D:1      | TheGoonsmith the Merfolk Transmuter began the quest for the Orb.
     0 | D:1      | Reached XP level 1. HP: 15/15 MP: 3/3
   105 | D:1      | Reached XP level 2. HP: 12/21 MP: 5/5
   232 | D:1      | Learned a level 2 spell: Sticks to Snakes
   844 | D:1      | Reached XP level 3. HP: 27/27 MP: 6/6
   849 | D:1      | Learned a level 3 spell: Spider Form
  1071 | D:2      | Noticed Terence
  1105 | D:2      | Killed Terence
  1105 | D:2      | Reached skill level 3 in Transmutations
  1333 | D:2      | Reached XP level 4. HP: 31/33 MP: 7/7
  1357 | D:2      | Found an iron altar of Okawaru.
  1588 | D:2      | Reached skill level 1 in Poison Magic
  2110 | D:3      | Reached skill level 4 in Transmutations
  2334 | D:3      | Reached XP level 5. HP: 38/38 MP: 5/9
  2539 | D:3      | Found a snail-covered altar of Cheibriados.
  2548 | D:3      | Became a worshipper of Cheibriados the Contemplative
  3443 | D:4      | Reached * piety under Cheibriados
  3443 | D:4      | Reached skill level 5 in Transmutations
  3453 | D:4      | Found a radiant altar of Vehumet.
  3482 | D:4      | Slain by a hobgoblin

Vault maps used:
D:1:      eino_arrival_cavern_d
D:2:      okawaru_gym_becter, first_bread, uniq_terence
D:3:      overflow_temple_1_default, serial_forest,
          infiniplex_forest_straight_3, infiniplex_forest_clump_medium,
          infiniplex_forest_3_way, infiniplex_forest_zigzag_1,
          infiniplex_forest_end_3
D:4:      fiery_altar_vehumet, led_xom_imps, serial_co_window_serial,
          co_window_corner_a, co_window_paths_b, co_window_paths_a,
          co_window_of_opportunity_a, co_window_paths_a, co_window_corner_ca,
          co_window_corner_b, co_window_of_opportunity_b, co_window_2corner,
          co_window_4corner_a, co_window_paths_e, glass_columns_b,
          glass_columns_b, lightli_minifort

Skill      XL: |  1  2  3  4  5 |
---------------+----------------+-----
Unarmed Combat | 4 |  4.1
Transmutations | 3 4 5 |  5.0
Poison Magic   | 1 2 |  2.0
Fighting       | |  1.9
Dodging        | |  2.6
Spellcasting   | |  2.9

Action                   |  1- 3 |  4- 6 || total
-------------------------+-------+-------++-------
Melee: Unarmed           |    94 |   113 ||   207
       Punch             |     1 |       ||     1
 Cast: Sticks to Snakes  |     3 |     4 ||     7
       Spider Form       |       |    15 ||    15
  Use: Scroll            |       |     8 ||     8
 Stab: Sleeping          |     1 |     3 ||     4
  Eat: Chunk             |     1 |    10 ||    11
Armor: Robe              |    15 |     8 ||    23
       Skin              |       |     1 ||     1
Dodge: Dodged            |    60 |    75 ||   135
